 Dungeon Crawl Stone Soup version 0.18.1-8-gdd0e5ea (webtiles) character file.

16431 deorigin the Grappler (level 12, 0/107 HPs)
             Began as a Troll Monk on June 1, 2016.
             Was a High Priest of Okawaru.
             Slain by a 13-headed hydra (13 damage)
             ... on level 3 of the Lair of Beasts.
             The game lasted 00:36:55 (11552 turns).

deorigin the Grappler (Troll Monk)                 Turns: 11552, Time: 00:36:55

Health: 0/107      AC: 12    Str: 22    XL:     12   Next: 10%
Magic:  0/18       EV: 10    Int: 10    God:    Okawaru [*****.]
Gold:   408        SH: 17    Dex: 12    Spells: 1 memorised, 10 levels left

rFire  . . .     SeeInvis .       - Unarmed
rCold  + + +     Gourm    +     t - +4 skin of Zhor {rC+++}
rNeg   . . .     Faith    .     P - +0 large shield
rPois  .         Spirit   +     (helmet restricted)
rElec  .         Dismiss  .     v - +2 cloak {+Inv}
rCorr  .         Reflect  .     (gloves unavailable)
SustAt .         Harm     .     (boots unavailable)
MR     .....                    m - amulet of guardian spirit
Stlth  +++.......               G - ring of stealth
                                c - +1 ring of evasion

@: about to teleport, not resistant to hostile enchantments, fairly stealthy
A: unfitting armour, claws 3, fast metabolism 3, gourmand, regeneration 2,
shaggy fur 1, tough skin 2
a: Heroism, Finesse, Renounce Religion, Evoke Invisibility


You were on level 3 of the Lair of Beasts.
You worshipped Okawaru.
Okawaru was extremely pleased with you.
You were full.

You visited 3 branches of the dungeon, and saw 15 of its levels.

You collected 798 gold pieces.
You spent 390 gold pieces at shops.

Inventory:

Hand Weapons
 i - the +1 mace "Ahoojebb" {venom, rElec rC+}
   (You found it on level 4 of the Dungeon)

   It poisons the flesh of those it strikes.
   It protects you from cold.
   It insulates you from electricity.
 j - a cursed +3 morningstar
 s - a +1 giant spiked club
 H - the +10 glaive of Juust {venom, rF+ MR+ Int+3, unknown}
   (Okawaru gifted it to you on level 2 of the Lair of Beasts)

   It poisons the flesh of those it strikes.
   It affects your intelligence (+3).
   It protects you from fire.
   It affects your resistance to hostile enchantments.
 I - a +0 rapier of electrocution
 S - a +0 blowgun
Missiles
 q - 109 poisoned needles
 y - 9 tomahawks (quivered)
Armour
 t - the +4 skin of Zhor (worn) {rC+++}
   (Okawaru gifted it to you on level 1 of the Lair of Beasts)

   It renders you almost immune to cold.
 v - a +2 cloak of invisibility (worn)
 P - a +0 large shield (worn)
Jewellery
 c - a +1 ring of evasion (left claw)
 e - an uncursed amulet of regeneration
 k - an uncursed ring of protection from fire
 m - an amulet of guardian spirit (around neck)
 A - an uncursed ring of flight
 G - a ring of stealth (right claw)
 R - an uncursed ring of resist corrosion
Wands
 r - a wand of confusion (28/48)
 K - a wand of teleportation (4/9)
 N - a wand of iceblast (12/15)
Scrolls
 a - a scroll of amnesia
 w - a scroll of identify
 D - a scroll of enchant weapon
 F - 13 scrolls of remove curse
 L - a scroll of enchant armour
 O - a scroll of teleportation
 X - a scroll of recharging
 Y - a scroll of blinking
Potions
 d - 4 potions of invisibility
 g - a potion of brilliance
 l - 3 potions of haste
 n - 5 potions of agility
 u - 4 potions of heal wounds
 x - 2 potions of ambrosia
 z - 3 potions of might
 B - 2 potions of flight
 E - 2 potions of berserk rage
 M - 2 potions of cancellation
 U - 6 potions of curing
Comestibles
 b - 12 bread rations
 f - 2 slices of pizza
 h - 3 beef jerkies
 o - 4 meat rations
 C - 12 fruits
 J - a royal jelly


   Skills:
 + Level 4.1 Fighting
 - Level 2.4 Dodging
 - Level 1.1 Stealth
 - Level 10.2 Shields
 - Level 11.4 Unarmed Combat
 - Level 10.0 Invocations


You had 10 spell levels left.
You knew the following spells:

 Your Spells              Type           Power        Failure   Level  Hunger
a - Summon Butterflies    Summ           #.......     90%         1    ##.....


Dungeon Overview and Level Annotations

Branches:
Dungeon (10/15)            Temple (1/1) D:7            Lair (4/8) D:8
    Orc (0/2) D:10
  Swamp: Lair:3-6    Shoals: Lair:3-6     Snake: Lair:3-6    Spider: Lair:3-6

Altars:
Fedhas
Kikubaaqudgha
Makhleb
Okawaru
Pakellas
Qazlal
Trog
Zin
The Shining One

Shops:
D:4 [   D:8 !   D:9 %


Innate Abilities, Weirdness & Mutations

You are too large for most types of armour.
You have claws for hands.
Your metabolism is lightning-fast.
You like to eat raw meat.
You heal very quickly.
You are covered in fur (AC +1).
You have very tough skin (AC +2).


Message History

You mangle the plant!!
The plant is almost destroyed.
The 13-headed hydra bites you! You block the 13-headed hydra's attack.
The 13-headed hydra bites you. The 13-headed hydra bites you!
You block the 13-headed hydra's attack. The 13-headed hydra barely misses you.
The 13-headed hydra bites you! You block the 13-headed hydra's attack.
The 13-headed hydra closely misses you. The 13-headed hydra bites you. x2
The 13-headed hydra bites you but does no damage.
The 13-headed hydra bites you.
Read which item? (? for menu, Esc to quit)
As you read the scroll of teleportation, it crumbles to dust.
You feel strangely unstable.
You block the 13-headed hydra's attack. x2
The 13-headed hydra bites you! x2
* * * LOW HITPOINT WARNING * * *
The 13-headed hydra closely misses you. The 13-headed hydra bites you.
* * * LOW HITPOINT WARNING * * *
The 13-headed hydra bites you!
* * * LOW HITPOINT WARNING * * *
The 13-headed hydra bites you!
You die...

.............# #.#
#######..##..# P.#
.%.%..##.##..### #.#
........#......###.#
.%%...#..#.........####
%%.%D%#...>...†.†%..#.###
..%..%##.......##†......#
########.......###......#
##.......@D......#
#.....#.##P.....##
##..#######......#
#..#.## P.#..#.# ##....#
###...#.# # ##...# #.## #
# ##..# .# # ### ##†# .#
######P# ##.#


You could see a 13-headed hydra.

Vanquished Creatures
  Harold (Lair:1)
  Fannar (Lair:3)
  A black mamba (Lair:2)
  3 spiny frogs
  A rime drake (Lair:1)
  A queen bee (Lair:3)
  A two-headed ogre (D:9)
  The ghost of deorigin the Magician, an amateur DgIE (D:5)
  7 blink frogs
  A spriggan (D:7)
  19 yaks
  Eustachio (D:5)
  A basilisk (Lair:3)
  2 hippogriffs
  2 hungry ghosts (D:9)
  A water moccasin (Lair:1)
  A soldier ant (D:10)
  4 porcupines
  Duvessa (D:4)
  An ice beast (D:6)
  8 orc warriors
  An eye of draining (D:9)
  3 centaurs (D:6)
  9 ogres
  2 phantoms
  3 wolves (Lair:4)
  2 big kobolds
  7 crocodiles
  A wyvern zombie (D:9)
  11 giant frogs
  Dowan (D:4)
  3 wights (D:9)
  30 killer bees
  An electric eel (Lair:1)
  8 howler monkeys
  3 crimson imps
  A quasit (D:8)
  2 centaur zombies (D:9)
  Crazy Yiuf (D:4)
  A hound (D:8)
  A jelly (D:5)
  6 orc priests
  9 orc wizards
  5 worker ants
  3 iguanas
  10 sheep
  4 hound skeletons
  A howler monkey zombie (D:10)
  2 worker ant zombies
  A gnoll (D:6)
  6 river rats (Lair:1)
  15 adders
  A howler monkey skeleton (D:6)
  2 shadow imps
  2 oozes (D:6)
  An adder skeleton (D:6)
  A worm (D:4)
  3 dart slugs
  5 giant geckos
  64 orcs
  2 ball pythons (D:2)
  6 giant cockroaches
  6 goblins
  6 hobgoblins
  4 jackals
  2 quokkas (D:5)
  8 bats
  3 giant newts
  34 kobolds
  A quokka skeleton (D:4)
  7 rats
  A butterfly (D:7)
  A fungus (D:8)
372 creatures vanquished.

Vanquished Creatures (others)
  A bush (Lair:3)
  2 fungi (Lair:3)
3 creatures vanquished.

Grand Total: 375 creatures vanquished

Notes
Turn   | Place    | Note
--------------------------------------------------------------
     0 | D:1      | deorigin the Troll Monk began the quest for the Orb.
     0 | D:1      | Reached XP level 1. HP: 22/22 MP: 0/0
    47 | D:1      | Reached XP level 2. HP: 29/29 MP: 1/1
   509 | D:1      | Reached skill level 5 in Unarmed Combat
   609 | D:2      | Reached XP level 3. HP: 36/36 MP: 2/2
   716 | D:2      | Found a glowing golden altar of the Shining One.
  1000 | D:2      | You fall through a shaft for 2 floors!
  1004 | D:4      | Reached XP level 4. HP: 39/44 MP: 3/3
  1023 | D:4      | Noticed Duvessa
  1027 | D:4      | Noticed Dowan
  1033 | D:4      | Reached skill level 6 in Unarmed Combat
  1038 | D:4      | Killed Duvessa
  1038 | D:4      | Reached skill level 7 in Unarmed Combat
  1038 | D:4      | Reached XP level 5. HP: 20/50 MP: 4/4
  1048 | D:4      | Killed Dowan
  1048 | D:4      | Reached XP level 6. HP: 14/59 MP: 5/5
  1385 | D:4      | Found Ocoev's Armour Boutique.
  1443 | D:4      | Got an iridescent mace
  1444 | D:4      | Identified the +1 mace "Ahoojebb" {venom, rElec rC+} (You found it on level 4 of the Dungeon)
  1451 | D:4      | Noticed Crazy Yiuf
  1468 | D:4      | Killed Crazy Yiuf
  1540 | D:4      | Reached skill level 8 in Unarmed Combat
  1852 | D:5      | Entered Level 5 of the Dungeon
  1867 | D:5      | Noticed deorigin's ghost (amateur DgIE)
  1885 | D:5      | Killed deorigin's ghost
  1885 | D:5      | Reached skill level 9 in Unarmed Combat
  1885 | D:5      | Reached XP level 7. HP: 41/66 MP: 6/6
  2417 | D:3      | Found a faded altar to an unknown god.
  2854 | D:3      | Found a stormy altar of Qazlal.
  2982 | D:5      | Noticed Eustachio
  2992 | D:5      | Killed Eustachio
  2992 | D:5      | Reached skill level 10 in Unarmed Combat
  2992 | D:5      | Reached XP level 8. HP: 49/74 MP: 7/7
  3118 | D:5      | Found a bloodstained altar of Trog.
  3761 | D:6      | Reached skill level 11 in Unarmed Combat
  4168 | D:6      | Reached skill level 1 in Shields
  4503 | D:7      | Found a staircase to the Ecumenical Temple.
  4511 | Temple   | Entered the Ecumenical Temple
  4527 | Temple   | Became a worshipper of Warmaster Okawaru
  4527 | Temple   | Reached * piety under Okawaru
  4527 | Temple   | Reached ** piety under Okawaru
  4601 | D:7      | Reached skill level 1 in Invocations
  4982 | D:7      | Reached XP level 9. HP: 79/80 MP: 9/9
  5808 | D:8      | Reached skill level 5 in Shields
  5813 | D:8      | Reached *** piety under Okawaru
  5901 | D:8      | Found a glowing silver altar of Zin.
  6123 | D:8      | Found a staircase to the Lair.
  6241 | D:8      | Found a stormy altar of Qazlal.
  6296 | D:8      | Found Nuubluedgh's Distillery.
  6304 | D:8      | Bought 2 potions of agility for 120 gold pieces
  6304 | D:8      | Bought a potion of haste for 150 gold pieces
  6304 | D:8      | Bought a potion of heal wounds for 75 gold pieces
  6304 | D:8      | Bought a potion of curing for 45 gold pieces
  6580 | D:9      | Found Ysahidu's Food Shop.
  6671 | D:9      | Learned a level 1 spell: Summon Butterflies
  6746 | D:9      | Reached **** piety under Okawaru
  6893 | D:9      | Reached XP level 10. HP: 86/88 MP: 10/10
  7059 | D:9      | Found a bloodstained altar of Trog.
  7234 | D:10     | Entered Level 10 of the Dungeon
  7673 | D:10     | Reached ***** piety under Okawaru
  7995 | D:10     | Found a staircase to the Orcish Mines.
  8228 | Lair:1   | Entered Level 1 of the Lair of Beasts
  8228 | Lair:1   | Noticed a spiny frog
  8235 | Lair:1   | Killed a spiny frog
  8442 | Lair:1   | Reached skill level 10 in Shields
  8447 | Lair:1   | Received a gift from Okawaru
  8664 | Lair:1   | Reached XP level 11. HP: 38/94 MP: 3/13
  8788 | Lair:1   | Noticed Harold
  8800 | Lair:1   | Killed Harold
  8800 | Lair:1   | Reached skill level 5 in Invocations
  9882 | Lair:2   | Received a gift from Okawaru
  9892 | Lair:2   | Got a scorched glaive {god gift}
 10561 | Lair:3   | Noticed Fannar
 10574 | Lair:3   | Killed Fannar
 10621 | Lair:3   | Noticed an eight-headed hydra
 11064 | Lair:3   | Reached skill level 10 in Invocations
 11254 | Lair:3   | Reached XP level 12. HP: 39/105 MP: 9/18
 11552 | Lair:3   | Slain by a 13-headed hydra

Skill      XL: |  1  2  3  4  5  6  7  8  9 10 11 12 |
---------------+-------------------------------------+-----
Unarmed Combat | 5 7 9 10 11 | 11.4
Shields        | 2 7 10 | 10.2
Invocations    | 2 4 10 | 10.0
Fighting       | 3 4 |  4.1
Dodging        | |  2.4
Stealth        | |  1.1

Action                   |  1- 3 |  4- 6 |  7- 9 | 10-12 || total
-------------------------+-------+-------+-------+-------++-------
Melee: Unarmed           |    96 |    96 |   464 |   619 ||  1275
       Punch             |     3 |     1 |     1 |       ||     5
Invok: Heroism           |       |       |     2 |     8 ||    10
  Use: Scroll            |       |     3 |       |    22 ||    25
 Stab: Sleeping          |     1 |     2 |     4 |     6 ||    13
       Distracted        |       |       |     1 |       ||     1
  Eat: Chunk             |    15 |     8 |    55 |    40 ||   118
Armor: Robe              |    24 |    20 |    97 |    26 ||   167
       Animal skin       |       |       |       |   100 ||   100
Dodge: Dodged            |    48 |    42 |   139 |   204 ||   433
Block: Large shield      |       |       |   262 |   553 ||   815
